AoeStats
← 犹豫就会败北

MegaRandom

510360030Analyzed
3v3 RM · 2d ago on Sep 30, 2026· 42m 7s· 6 players
Game mode
Random Map
Map size
Normal (6 player)
Population
200
Speed
Normal
Resources
Standard
Victory
Conquest
Starting age
Dark Age
Ending age
Imperial Age
RankedLock teamsTeams togetherTeam positionsShared explorationLock speedFull tech treeHidden civsTurbo modeCheats
Victory
Defeat
🇺🇦 Spanish · Ukraine
1363
+10
🇧🇾 Romans · Belarus
1362
+10
🇧🇾 Ethiopians · Belarus
1349
+10
🇩🇪 Britons · Germany
1268
-12
🇬🇧 Saxons · United Kingdom
1204
-9
🇨🇳 Poles · China
1196
-9
So sad
3:52 Loom
14:48 Feudal Age
17:43 Fletching
18:08 Double-Bit Axe
18:30 Padded Archer Armor
29:11 Castle Age
29:09 Town Watch
29:58 Bodkin Arrow
30:21 Leather Archer Armor
30:24 Bow Saw
36:44 Elite Skirmisher
39:01 Thumb Ring
41:49 Wheelbarrow
HURMA
3:49 Loom
15:04 Feudal Age
16:16 Man-at-Arms
16:59 Scale Mail Armor
18:20 Forging
20:43 Castle Age
19:12 Forging
20:39 Horse Collar
20:57 Long Swordsman
22:55 Squires
23:53 Chain Mail Armor
25:13 Gold Mining
29:40 Iron Casting
30:53 Double-Bit Axe
32:36 Caravan
34:20 Wheelbarrow
35:21 Bow Saw
36:41 Town Watch
37:12 Hand Cart
37:51 Hand Cart
37:22 Town Watch
40:33 Gold Shaft Mining
NiL
犹豫就会败北
Akida
5:13 Loom
13:58 Feudal Age
15:09 Double-Bit Axe
15:41 Fletching
19:59 Padded Archer Armor
24:08 Castle Age
22:40 Horse Collar
24:15 Crossbowman
24:51 Bodkin Arrow
25:12 Leather Archer Armor
27:05 Wheelbarrow
27:08 Gold Mining
31:33 Ballistics
terodai1221
12:17 Loom
17:23 Feudal Age
23:30 Castle Age
24:12 Fletching
25:51 Wheelbarrow
25:12 Stone Mining
Connection lost

Rejoining the realm…

Still unreachable

The connection could not be restored.

Session expired

The server has moved on; the page needs a fresh start.